 Dungeon Crawl Stone Soup version 0.18-a0-1745-gffa9a88 (webtiles) character file.

6785 skk the Blocker (level 10, -16/74 HPs)
             Began as a Demonspawn Fighter on Apr 11, 2016.
             Was a Follower of Nemelex Xobeh.
             Demolished by Ugrim the orc knight
             ... wielding a +3 dire flail of holy wrath
             ... created by the player character
              (18 damage)
             ... on level 1 of the Lair of Beasts.
             The game lasted 00:46:34 (7345 turns).

skk the Blocker (Demonspawn Fighter)                Turns: 7345, Time: 00:46:35

Health: -16/74     AC: 14    Str: 24    XL:     10   Next: 76%
Magic:  10/10      EV:  7    Int:  8    God:    Nemelex Xobeh [*.....]
Gold:   365        SH: 19    Dex: 13    Spells: 0 memorised, 9 levels left

rFire  + + .     SeeInvis .     z - +2 dagger (drain)
rCold  . . .     Gourm    .     I - +0 chain mail {rF+}
rNeg   . . .     Faith    .     H - +2 shield {rF+}
rPois  .         Spirit   .     (helmet restricted)
rElec  .         Dismiss  .     x - +0 cloak
rCorr  .         Reflect  +     g - +0 pair of gloves
SustAt .         Harm     .     l - +0 pair of boots
MR     +....                    n - +4 amulet of reflection
Stlth  ..........               b - ring of protection from magic
                                s - +3 ring of strength

@: about to teleport, somewhat resistant to hostile enchantments, extremely
unstealthy
A: claws 2, horns 1, talons 1, spiny 1, reduced EV 1
a: Renounce Religion


You were on level 1 of the Lair of Beasts.
You worshipped Nemelex Xobeh.
Nemelex Xobeh was aware of your devotion.
You were not hungry.

You visited 3 branches of the dungeon, and saw 12 of its levels.

You collected 469 gold pieces.

Inventory:

Hand Weapons
 a - a +2 quarterstaff of draining
 c - a +0 falchion of slicing
 z - a +2 dagger of draining (weapon)
Armour
 g - a +0 pair of gloves (worn)
 l - a +0 pair of boots (worn)
 x - a +0 cloak (worn)
 G - a +0 plate armour
 H - a +2 shield of fire resistance (worn)
 I - a +0 chain mail of fire resistance (worn)
Jewellery
 b - a ring of protection from magic (right hand)
 n - a +4 amulet of reflection (around neck)
 s - a +3 ring of strength (left hand)
Wands
 F - a wand of teleportation (7/9)
Scrolls
 i - 8 scrolls of remove curse
 k - a scroll of fog
 o - 5 scrolls of enchant armour
 r - 4 scrolls of teleportation
 w - 6 scrolls of magic mapping
 D - 2 scrolls of amnesia
 M - a scroll of fear
Potions
 d - a potion of haste
 e - a potion of cancellation
 m - a potion of heal wounds
 p - 2 potions of magic
 t - a potion of agility
 v - 2 potions of curing
 B - a potion of brilliance
 C - 3 potions of lignification
 J - a potion of degeneration {unknown}
 L - a potion of flight
Miscellaneous
 y - an ornate deck of wonders {drawn: 10}
Comestibles
 f - 7 bread rations
 h - 3 beef jerkies
 j - 4 chunks of flesh
 q - 4 meat rations
 u - a slice of pizza
 A - a royal jelly


   Skills:
 + Level 5.4 Fighting
 + Level 3.8 Short Blades
   Level 1.8 Axes
 + Level 6.3 Armour
 + Level 5.2 Dodging
 + Level 2.1 Stealth
 * Level 11.4 Shields
 + Level 1.2 Evocations


You had 9 spell levels left.
You didn't know any spells.

Dungeon Overview and Level Annotations

Branches:
Dungeon (10/15)            Temple (1/1) D:4            Lair (1/8) D:9
    Orc (0/2) D:9

Altars:
Ashenzari
Cheibriados
Dithmenos
Elyvilon
Fedhas
Gozag
Kikubaaqudgha
Makhleb
Nemelex Xobeh
Okawaru
Pakellas
Qazlal
Ru
Sif Muna
Trog
Vehumet
Xom
Yredelemnul
Zin
The Shining One

Shops:
D:4 (


Innate Abilities, Weirdness & Mutations

You have very sharp fingernails.
You have a pair of small horns on your head.
You have sharp toenails.
You are partially covered in sharp spines.
You have somewhat slow reflexes. (EV -3)


Message History

Something hits the plant.
The blink frog gestures.
The blink frog blinks!
Something hits the plant but does no damage.
Really walk into that cloud of thunder? [Y]es or [N]o only, please.
Really walk into that cloud of thunder?
Okay, then.
Evoke which item? (* to show all) (? for menu, Esc to quit)
Zapping:
F - a wand of teleportation (8/9)
Press: ? - help, Shift-Dir - straight line, f - you, p - four-headed hydra You feel strangely unstable.
This wand has 7 charges left.
Something hits the plant but does no damage.
You feel sick.
You are no longer poisoned.
Ugrim hits you with a dire flail of holy wrath!!
* * * LOW HITPOINT WARNING * * *
You convulse!!
You die...
Your body glows slightly and disappears.

#......^....
##.......... #####
#.....^.....
###.#.#####...........
#...........^..^......
#.................^...
##......##.............
#........#...........^.
#.....@%##.........^^..
##....o.#..............
#P.....F##.........^...
##.....D##.............
#......P§§..........##
#.........§... ... #
#P............. .
##......##.§...
#......% .....


You could see a four-headed hydra, Ugrim the orc knight and a blink frog.

Vanquished Creatures
  The ghost of slayr the Basher, a novice OgBe of Trog (D:5)
  Joseph (D:7)
  A spiny frog (Lair:1)
  A merfolk (D:7)
  A troll (Lair:1)
  A wyvern (D:8)
  3 yaks (D:9)
  A basilisk (Lair:1)
  2 hippogriffs (D:9)
  The ghost of barb4r1an the Magician, an amateur DsIE (D:3)
  A warg (D:9)
  Edmund (D:4)
  A soldier ant (Lair:1)
  Duvessa (D:6)
  An ice beast (D:7)
  6 orc warriors
  A sky beast (D:6)
  2 black bears
  7 ogres
  4 centaurs (D:7)
  A big kobold (D:7)
  A giant frog (D:7)
  Dowan (D:6)
  A scorpion (D:8)
  A water moccasin zombie (D:6)
  A wyvern skeleton (D:8)
  The ghost of dohliylev the Skirmisher, a weakling MiBe of Trog (D:4)
  2 howler monkeys
  4 crimson imps
  A centaur zombie (D:7)
  4 hounds
  2 jellies
  2 orc priests (D:9)
  2 gnoll shamans (D:7)
  A centaur skeleton (D:5)
  9 orc wizards
  4 iguanas
  7 worker ants
  A hound zombie (D:5)
  2 hound skeletons
  A howler monkey skeleton (D:4)
  13 adders
  15 gnolls
  A shadow imp (D:8)
  An ooze (D:2)
  An adder zombie (D:9)
  2 worms (D:2)
  7 giant geckos
  37 orcs
  3 bats
  4 goblins
  12 hobgoblins
  3 jackals (D:4)
  7 kobolds
  4 quokkas
  3 giant newts
  A quokka skeleton (D:5)
  A quokka zombie (D:5)
  6 rats
  A plant (D:7)
209 creatures vanquished.

Vanquished Creatures (collateral kills)
  3 killer bees (D:9)
  A howler monkey (D:9)
  Crazy Yiuf (D:7)
  A worker ant (D:7)
  An orc (D:9)
7 creatures vanquished.

Vanquished Creatures (others)
  A centaur (D:9)
  A big kobold (D:7)
  A goblin (D:2)
  4 fungi (D:7)
7 creatures vanquished.

Grand Total: 223 creatures vanquished

Notes
Turn   | Place    | Note
--------------------------------------------------------------
     0 | D:1      | skk the Demonspawn Fighter began the quest for the Orb.
     0 | D:1      | Reached XP level 1. HP: 18/18 MP: 1/1
    90 | D:1      | Gained mutation: You have a pair of small horns on your head. [demonic ancestry]
    90 | D:1      | Reached XP level 2. HP: 14/24 MP: 2/2
    96 | D:1      | Reached skill level 3 in Shields
   443 | D:1      | You fall through a shaft!
   465 | D:2      | Gained mutation: You are partially covered in sharp spines. [demonic ancestry]
   465 | D:2      | Reached XP level 3. HP: 25/29 MP: 3/3
   970 | D:2      | Reached XP level 4. HP: 36/36 MP: 4/4
  1108 | D:3      | Noticed barb4r1an's ghost (amateur DsIE)
  1117 | D:3      | Killed barb4r1an's ghost
  1117 | D:3      | Reached skill level 1 in Dodging
  1117 | D:3      | Reached skill level 1 in Stealth
  1117 | D:3      | Reached skill level 4 in Shields
  1117 | D:3      | Reached XP level 5. HP: 24/42 MP: 5/5
  1342 | D:3      | Gained mutation: You have sharp toenails. [demonic ancestry]
  1342 | D:3      | Reached XP level 6. HP: 38/48 MP: 6/6
  1706 | D:4      | Noticed dohliylev's ghost (weakling MiBe)
  1713 | D:4      | Killed dohliylev's ghost
  1916 | D:4      | Found Icre's Antique Weapon Shop.
  1945 | D:4      | Noticed Edmund
  1973 | D:4      | Killed Edmund
  1973 | D:4      | Reached skill level 1 in Short Blades
  1973 | D:4      | Reached skill level 5 in Shields
  2035 | D:4      | Found a staircase to the Ecumenical Temple.
  2063 | Temple   | Entered the Ecumenical Temple
  2167 | Temple   | Became a worshipper of Ru the Awakened
  2235 | D:4      | Gained mutation: You have sharp fingernails. [demonic ancestry]
  2235 | D:4      | Reached XP level 7. HP: 45/54 MP: 7/7
  2398 | D:5      | Entered Level 5 of the Dungeon
  2767 | D:5      | Found an opulent altar of Gozag.
  2838 | D:5      | Noticed slayr's ghost (novice OgBe)
  2863 | D:5      | Killed slayr's ghost
  2863 | D:5      | Reached skill level 6 in Shields
  2863 | D:5      | Gained mutation: You have very sharp fingernails. [demonic ancestry]
  2863 | D:5      | Reached XP level 8. HP: 16/61 MP: 8/8
  2881 | D:5      | HP: 4/91 [poisoned by slayr's ghost]
  2887 | D:5      | HP: 4/91 [poisoned by slayr's ghost]
  2895 | D:5      | HP: 2/61 [poisoned by slayr's ghost]
  3210 | D:5      | Reached skill level 7 in Shields
  3290 | D:6      | Noticed Duvessa
  3292 | D:6      | Noticed Dowan
  3298 | D:6      | Killed Duvessa
  3315 | D:6      | Killed Dowan
  3668 | D:6      | Reached skill level 5 in Armour
  3806 | D:6      | Drew Focus: Str increased to 19, Int decreased to 9
  3812 | D:6      | Gained mutation: You have somewhat slow reflexes. (EV -3) [Ru sacrifice]
  3812 | D:6      | Reached * piety under Ru
  4233 | D:7      | Noticed Joseph
  4234 | D:7      | Drew Focus: Str increased to 20, Int decreased to 8
  4248 | D:7      | Killed Joseph
  4248 | D:7      | Reached skill level 8 in Shields
  4248 | D:7      | Reached XP level 9. HP: 37/66 MP: 9/9
  4595 | D:7      | Hired Pala the big kobold for 104 gold.
  4596 | D:7      | Noticed Crazy Yiuf
  4608 | D:7      | Killed Crazy Yiuf
  4936 | D:7      | Noticed Qileapud
  4939 | D:7      | Your ally Pala died
  5004 | D:7      | Killed Qileapud the merfolk
  5008 | D:7      | Reached skill level 9 in Shields
  5221 | D:7      | Reached skill level 1 in Evocations
  5498 | Temple   | Fell from the grace of Ru
  5498 | Temple   | Became a worshipper of Nemelex Xobeh the Trickster
  5579 | D:8      | Reached XP level 10. HP: 64/73 MP: 10/10
  5600 | D:8      | Reached skill level 5 in Fighting
  5615 | D:8      | Received a gift from Nemelex Xobeh
  5849 | D:8      | Reached skill level 10 in Shields
  6621 | D:9      | Found a bloodstained altar of Trog.
  6829 | D:9      | Reached skill level 5 in Dodging
  6839 | D:9      | Found an oddly glowing altar of Pakellas.
  6958 | D:9      | Found a staircase to the Orcish Mines.
  6962 | D:9      | Found a staircase to the Lair.
  7082 | D:9      | Reached * piety under Nemelex Xobeh
  7188 | D:10     | Entered Level 10 of the Dungeon
  7188 | D:10     | Noticed a hill giant
  7188 | D:10     | Noticed a hill giant
  7214 | Lair:1   | Entered Level 1 of the Lair of Beasts
  7228 | Lair:1   | Reached skill level 11 in Shields
  7308 | Lair:1   | Noticed a spiny frog
  7317 | Lair:1   | Killed a spiny frog
  7329 | Lair:1   | Noticed a four-headed hydra
  7336 | Lair:1   | Noticed a black mamba
  7339 | Lair:1   | a black mamba changed into a blink frog
  7342 | Lair:1   | Noticed Ugrim
  7345 | Lair:1   | HP: 2/74 [Ugrim the orc knight/dire flail of holy wrath[the player character] (24)]
  7345 | Lair:1   | Demolished by Ugrim the orc knight

Vault maps used:
D:1:      enne_arrival_octagon_isle, minmay_misc_feat_diagonals
D:4:      minmay_temple_entry_enclosed_plants, serial_shops,
          nicolae_shop_waterfront, first_bread, minmay_misc_feat_nine_boxes,
          uniq_edmund
D:5:      marbit_many_paths
D:6:      amalloy_card_club, uniq_duvessa
D:7:      kennysheep_seaside_town, uniq_joseph, uniq_crazy_yiuf_cottage
D:9:      overflow_temple_1_default, lair_0_dummy, david_orc_3, basic_altar
D:10:     hangedman_stone_soup, kennysheep_small_circle
Temple:   grunt_circular_temple_18
Lair:1:   minmay_holes, serial_bayou_shore_b, infiniplex_staircase_pool_2,
          grunt_megastairs_1

Skill      XL: |  1  2  3  4  5  6  7  8  9 10 |
---------------+-------------------------------+-----
Shields        | 3 4 5 6 8 9 11 | 11.4
Armour         | 3 4 5 6 |  6.3
Dodging        | 1 2 3 4 5 |  5.2
Stealth        | 1 2 |  2.1
Fighting       | 4 5 |  5.4
Short Blades   | 1 2 3 |  3.8
Evocations     | 1 |  1.2
Axes           | |  1.8

Action                   |  1- 3 |  4- 6 |  7- 9 | 10-12 || total
-------------------------+-------+-------+-------+-------++-------
Melee: War axe           |    25 |       |       |       ||    25
       Dagger            |    53 |   120 |   443 |   294 ||   910
Invok: Sacrifice Health  |       |       |     1 |       ||     1
Evoke: Deck              |       |       |     7 |    15 ||    22
       Wand              |       |       |       |     1 ||     1
  Use: Scroll            |     6 |     5 |     8 |     7 ||    26
       Potion            |       |     2 |     7 |       ||     9
 Stab: Distracted        |       |       |     1 |       ||     1
  Eat: Royal jelly       |       |     1 |       |       ||     1
       Chunk             |       |     1 |     9 |     6 ||    16
       Meat ration       |       |       |     1 |       ||     1
